 Dungeon Crawl Stone Soup version 0.29.1-15-g9cfb28693d (webtiles) character file.

Game seed: 14860331434809261739

680 SmashMania the Covered (level 7, -1/55 HPs)
             Began as a Formicid Fighter on Feb 26, 2023.
             Was a Follower of Vehumet.
             Succumbed to a hornet's poison
             ... on level 6 of the Dungeon.
             The game lasted 00:13:22 (3933 turns).

SmashMania the Covered (Formicid Fighter)           Turns: 3933, Time: 00:13:23

Health: -1/55      AC:  7    Str: 25    XL:     7   Next: 92%
Magic:  7/7        EV: 10    Int: 10    God:    Vehumet [*.....]
Gold:   117        SH: 10    Dex: 13    Spells: 6/6 levels left

rFire   . . .      SeeInvis +   u - +12 short sword of Zaepepa {elec, Int+3}
rCold   . . .      Faith    .   c - +0 buckler
rNeg    . . .      Spirit   .   b - +0 scale mail
rPois   .          Reflect  +   (helmet unavailable)
rElec   .          Harm     .   (no cloak)
rCorr   .          Rampage  .   (no gloves)
Will    .....                   (no boots)
Stlth   ..........              r - amulet of reflection
HPRegen 0.18/turn               y - ring of see invisible
MPRegen 0.10/turn               t - +2 ring of strength

@: mighty, lethally poisoned (-1 -> -12)
A: permanent stasis, dig shafts and tunnels, antennae 3, four strong arms
a: Dig, Shaft Self, Renounce Religion


You were on level 6 of the Dungeon.
You worshipped Vehumet.
Vehumet was aware of your devotion.
You visited 2 branches of the dungeon, and saw 7 of its levels.

You collected 156 gold pieces.
You spent 39 gold pieces at shops.

Inventory:

Hand Weapons
 a - a +0 trident
 u - the +12 short sword of Zaepepa (weapon) {elec, Int+3}
   (You found it on level 3 of the Dungeon)

   It occasionally discharges a powerful burst of electricity upon striking a
   foe.
   Int:       It affects your intelligence (+3).
Armour
 b - a +0 scale mail (worn)
 c - a +0 buckler (worn)
Jewellery
 h - a ring of fire
 j - an amulet of guardian spirit
 r - an amulet of reflection (around neck)
 t - a +2 ring of strength (right hand)
 y - a ring of see invisible (left hand)
Wands
 v - a wand of polymorph (21)
Scrolls
 d - a scroll of amnesia {unknown}
 g - 5 scrolls of identify {unknown}
 i - 3 scrolls of magic mapping {unknown}
 l - a scroll of fog {unknown}
 n - a scroll of enchant weapon {unknown}
 o - 2 scrolls of vulnerability {unknown}
 p - a scroll of teleportation {unknown}
 s - a scroll of fear {unknown}
 w - a scroll of noise {unknown}
 x - a scroll of silence {unknown}
Potions
 e - 3 potions of cancellation {unknown}
 f - a potion of mutation {unknown}
 k - 3 potions of curing {unknown}
 m - a potion of attraction {unknown}
 q - a potion of invisibility {unknown}


   Skills:
 + Level 4.3 Fighting
 + Level 2.1 Short Blades
 + Level 4.5 Polearms
 + Level 5.8 Armour
 + Level 1.4 Dodging
 + Level 1.3 Stealth
 + Level 5.7 Shields


You had 6 spell levels left.
You didn't know any spells.
Your spell library contained the following spells:

 Spells                   Type           Power      Damage    Failure   Level
 Sandblast                Erth           0%         2d4       71%         1
 Foxfire                  Conj/Fire      0%         2x1d4     71%         1
 Conjure Flame            Conj/Fire      0%         6-21      97%         3
 Dazzling Flash           Conj/Hex       0%         N/A       97%         3
 Inner Flame              Hex/Fire       0%         N/A       97%         3
 Flame Wave               Conj/Fire      0%         2d4       100%        4
 Iskenderun's Mystic Bla  Conj/Tloc      0%         2d3       100%        4
 Starburst                Conj/Fire      0%         6d3       100%        6


Dungeon Overview and Level Annotations

Branches:
Dungeon (6/15)             Temple (1/1) D:5

Altars:
Cheibriados
Sif Muna
Vehumet

Shops:
D:3 =


Innate Abilities, Weirdness & Mutations

You cannot be hasted, slowed, berserked, paralysed or teleported.
You can dig through walls and to a lower floor.
You have a pair of large antennae on your head. (SInv)
Your four strong arms can wield two-handed weapons with a shield.


Message History

You are poisoned.
Your stasis prevents you from being slowed.
The hornet stings you.
You are more poisoned.
Your stasis prevents you from being slowed.
You hit the hornet.
The hornet is lightly wounded.
You feel very sick. You block the hornet's attack.
You hit the hornet.
The hornet is moderately wounded.
You feel very sick. You block the hornet's attack.
The hornet closely misses you.
You miss the hornet.
The hornet is moderately wounded.
You feel very sick. You block the hornet's attack.
You puncture the hornet!
The hornet is severely wounded.
You feel sick. The hornet barely misses you. The hornet stings you!
* * * LOW HITPOINT WARNING * * *
Your stasis prevents you from being slowed.
You hit the hornet but do no damage.
The hornet is severely wounded.
You feel sick. You block the hornet's attack.
You completely miss the hornet.
The hornet is severely wounded.
You feel sick. The hornet stings you.
* * * LOW HITPOINT WARNING * * *
You are more poisoned.
Your stasis prevents you from being slowed.
The hornet closely misses you.
You feel very mighty all of a sudden.
* * * LOW HITPOINT WARNING * * *
You feel very sick. The hornet closely misses you.
You puncture the hornet!
You kill the hornet!
Vehumet accepts your kill.
You die...

#########
#.......#
.###.......#
.......<...#
####.....@.#
#....†?.#
#.......#
#.......#
.........#
###....[.:#
#########


There were no monsters in sight!

Vanquished Creatures
  A hornet (D:6)
  A wyvern (D:5)
  Sigmund (D:5)
  An ogre (D:5)
  Blork the orc (D:5)
  A jelly (D:5)
  A hound (D:5)
  3 iguanas (D:5)
  4 adders
  2 worms
  2 dart slugs
  2 orcs (D:5)
  4 endoplasms
  A giant cockroach (D:4)
  5 goblins
  5 hobgoblins
  4 jackals (D:2)
  2 quokkas
  6 ball pythons
  3 bats
  3 frilled lizards
  A kobold (D:2)
54 creatures vanquished.

Vanquished Creatures (others)
  13 plants (D:2)
13 creatures vanquished.

Grand Total: 67 creatures vanquished

Notes
Turn   | Place    | Note
-------+----------+-------------------------------------------
     0 | D:1      | SmashMania the Formicid Fighter began the quest for the
                  | Orb.
     0 | D:1      | Reached XP level 1. HP: 18/18 MP: 1/1
   225 | D:1      | Reached XP level 2. HP: 20/20 MP: 2/2
   766 | D:1      | Reached XP level 3. HP: 29/30 MP: 3/3
   793 | D:1      | You fall into a shaft and drop 1 floor!
  1195 | D:2      | Found a faded altar of an unknown god.
  1216 | D:2      | Prayed at the altar of an unknown god.
  1216 | D:2      | Became a worshipper of Vehumet
  1216 | D:2      | Reached * piety under Vehumet
  1216 | D:2      | Offered knowledge of Magic Dart by Vehumet.
  1307 | D:2      | Reached XP level 4. HP: 30/37 MP: 4/4
  2272 | D:3      | Found Viazomi's One-of-a-Kind Rings.
  2295 | D:3      | Bought a +2 ring of strength for 39 gold pieces
  2333 | D:3      | Identified the +12 short sword of Zaepepa {elec, Int+3}
  2725 | D:5      | Entered Level 5 of the Dungeon
  2746 | D:5      | Reached XP level 5. HP: 39/42 MP: 5/5
  2799 | D:5      | Noticed Blork the orc
  2811 | D:5      | Killed Blork the orc
  2812 | D:5      | Reached XP level 6. HP: 17/48 MP: 6/6
  3074 | D:5      | Noticed Sigmund
  3086 | D:5      | Killed Sigmund
  3087 | D:5      | Reached skill level 1 in Short Blades
  3087 | D:5      | Reached skill level 5 in Armour
  3087 | D:5      | Reached skill level 1 in Dodging
  3087 | D:5      | Reached skill level 5 in Shields
  3087 | D:5      | Reached XP level 7. HP: 47/54 MP: 7/7
  3138 | D:5      | Noticed a wyvern
  3143 | D:5      | Killed a wyvern
  3144 | D:5      | Reached skill level 1 in Stealth
  3153 | D:5      | Offered knowledge of Sandblast by Vehumet.
  3330 | D:5      | Found a staircase to the Ecumenical Temple.
  3339 | D:5      | Reached ** piety under Vehumet
  3355 | Temple   | Entered the Ecumenical Temple
  3434 | D:5      | Found a shimmering blue altar of Sif Muna.
  3921 | D:6      | Noticed a hornet
  3932 | D:6      | HP: 1/55 [poisoned by a hornet]
  3933 | D:6      | Killed a hornet
  3933 | D:6      | Succumbed to a hornet's poison

Illustrated notes

Levels and vault maps discovered:
D:1:      dpeg_arrival_boxorama, layout_loops_ring
D:2:      wad_lake_hut, layout_loops_ring, basic_ecumenical_altar
D:3:      layout_rooms, nicolae_shop_unique_rings
D:4:      layout_cave_pools
D:5:      layout_basic, kennysheep_orc_sif_temple,
          minmay_temple_entry_crystal_x, uniq_blork_the_orc, uniq_sigmund
D:6:      layout_rooms, nicolae_ossuary_entry_plus
Temple:   bh_familiar_temple

Skill      XL: |  1  2  3  4  5  6  7 |
---------------+----------------------+-----
Armour         | 4 5 |  5.8
Polearms       | 3 4 |  4.5
Fighting       | 4 |  4.3
Short Blades   | 1 2 |  2.1
Dodging        | 1 |  1.4
Shields        | 5 |  5.7
Stealth        | 1 |  1.3

Action                   |  1- 3 |  4- 6 |  7- 9 || total
-------------------------+-------+-------+-------++-------
Melee: Trident           |    59 |    66 |       ||   125
       Short sword       |       |    24 |    23 ||    47
 Abil: Dig               |     2 |     2 |       ||     4
  Use: Scroll            |     2 |       |       ||     2
       Potion            |     1 |       |     2 ||     3
Armor: Scale mail        |    24 |    16 |     2 ||    42
Dodge: Dodged            |    35 |    18 |     8 ||    61
Block: Buckler           |    20 |    22 |    14 ||    56
